 Dungeon Crawl Stone Soup version 0.30.0-18-gc0e69614cb (webtiles) character file.

Game seed: 15331841622350459770

1705 wingedge the Magician (level 9, 0/63 HPs)
             Began as a Human Wanderer on May 24, 2023.
             Was an Initiate of Vehumet.
             Slain by a gargoyle
             ... wielding a +0 dire flail
              (14 damage)
             ... on level 7 of the Dungeon.
             The game lasted 00:22:59 (5144 turns).

wingedge the Magician (Human Wanderer)              Turns: 5144, Time: 00:22:59

Health: 0/63       AC: 11    Str: 10    XL:     9   Next: 23%
Magic:  1/16       EV: 11    Int: 17    God:    Vehumet [......]
Gold:   364        SH:  0    Dex: 21    Spells: 8/18 levels left

rFire   + . .        i - +1 shortbow (flame)
rCold   + . .        (shield currently unavailable)
rNeg    . . .        c - +0 robe
rPois   .            q - +0 helmet
rElec   .            x - scarf {rC+ rF+}
rCorr   .            E - +0 pair of gloves
SInv    .            F - +2 pair of boots
Will    .....        s - amulet of magic regeneration
Stlth   +++          k - +6 ring of dexterity
HPRegen 0.30/turn    o - +4 ring of protection
MPRegen 0.55/turn

%: no passive effects
@: no status effects
A: no striking features
a: Renounce Religion


You were on level 7 of the Dungeon.
You worshipped Vehumet.
Vehumet was noncommittal.
You visited 2 branches of the dungeon, and saw 8 of its levels.
You also visited: Sewer.

You collected 364 gold pieces.

Inventory:

Hand Weapons
 i - a +1 shortbow of flaming (weapon)
 t - a +1 vampiric spear
Missiles
 e - a throwing net
 D - 11 poisoned darts
Armour
 c - a +0 robe (worn)
 q - a +0 helmet (worn)
 x - a scarf of resistance (worn)
 E - a +0 pair of gloves (worn)
 F - a +2 pair of boots (worn)
Jewellery
 k - a +6 ring of dexterity (left hand)
 l - a ring of willpower
 o - a +4 ring of protection (right hand)
 s - an amulet of magic regeneration (around neck)
Wands
 d - a wand of polymorph (17)
 y - a wand of iceblast (8)
Scrolls
 g - 2 scrolls of fear {unknown}
 h - 2 scrolls of noise {unknown}
 j - 5 scrolls of teleportation
 p - a scroll of blinking {unknown}
 u - 4 scrolls of amnesia {unknown}
 v - a scroll of brand weapon {unknown}
 w - 4 scrolls of identify {unknown}
 A - 4 scrolls of magic mapping {unknown}
 C - a scroll of enchant weapon {unknown}
Potions
 a - a potion of flight {unknown}
 b - a potion of haste
 f - 2 potions of attraction {unknown}
 m - 2 potions of invisibility {unknown}
 n - 9 potions of heal wounds {unknown}
 r - 4 potions of curing {unknown}
 z - a potion of magic {unknown}
 B - a potion of degeneration {unknown}


   Skills:
 - Level 3.0 Fighting
 + Level 4.3 Ranged Weapons
 - Level 3.0 Stealth
 + Level 5.1 Spellcasting
 + Level 5.1 Conjurations
 + Level 1.0 Transmutations
 + Level 1.0 Fire Magic
 - Level 3.0 Air Magic
 - Level 4.0 Earth Magic
 + Level 3.2 Poison Magic
 - Level 3.0 Evocations


You had 8 spell levels left.
You knew the following spells:

 Your Spells              Type           Power      Damage    Failure   Level
a - Shock                 Conj/Air       72%        1d7       2%          1
b - Mephitic Cloud        Conj/Pois/Air  17%        N/A       9%          3
c - Stone Arrow           Conj/Erth      38%        3d9       6%          3
d - Ignite Poison         Fire/Tmut/Pois 10%        N/A       21%         3

Your spell library contained the following spells:

 Spells                   Type           Power      Damage    Failure   Level
 Sting                    Tmut/Pois      44%        1d5       6%          1
 Cigotuvi's Dreadful Rot  Necr/Pois/Air  22%        N/A       9%          2
 Slow                     Hex            16%        N/A       14%         1
 Scorch                   Fire           16%        2d6       14%         2
 Freezing Cloud           Conj/Ice/Air   6%         6-21      77%         5


Dungeon Overview and Level Annotations

Branches:
Dungeon (7/15)             Temple (1/1) D:6           Sewer (visited)

Altars:
Ashenzari
Cheibriados
Dithmenos
Fedhas
Hepliaklqana
Kikubaaqudgha
Makhleb
Nemelex Xobeh
Okawaru
Qazlal
Ru
Uskayaw
Vehumet
Wu Jian
Yredelemnul
Zin


Message History

Press: ? - help, Shift-Dir - straight line, f/p - gargoyle
Aim: a gargoyle, wielding a +0 dire flail (lightly damaged, 85% to hit)
The stone arrow hits the gargoyle!
The gargoyle is heavily damaged.
The gargoyle hits you with a +0 dire flail!!
Casting: Stone Arrow (dangerous; 6% risk of failure)
Confirm with . or Enter, or press ? or * to list all spells.
Aiming: Stone Arrow (dangerous; 6% risk of failure)
Press: ? - help, Shift-Dir - straight line, f/p - gargoyle
Aim: a gargoyle, wielding a +0 dire flail (heavily damaged, 85% to hit)
The stone arrow hits the gargoyle.
The gargoyle is severely damaged.
The gargoyle hits you but does no damage.
Casting: Stone Arrow (dangerous; 6% risk of failure)
Confirm with . or Enter, or press ? or * to list all spells.
Aiming: Stone Arrow (dangerous; 6% risk of failure)
Press: ? - help, Shift-Dir - straight line, f/p - gargoyle
Aim: a gargoyle, wielding a +0 dire flail (severely damaged, 85% to hit)
The stone arrow hits the gargoyle but does no damage.
The gargoyle is severely damaged.
The gargoyle hits you but does no damage.
Casting: Stone Arrow (dangerous; 6% risk of failure)
Confirm with . or Enter, or press ? or * to list all spells.
Aiming: Stone Arrow (dangerous; 6% risk of failure)
Press: ? - help, Shift-Dir - straight line, f/p - gargoyle
Aim: a gargoyle, wielding a +0 dire flail (severely damaged, 85% to hit)
The stone arrow hits the gargoyle but does no damage.
The gargoyle is severely damaged.
The gargoyle hurls a stone arrow at you.
The stone arrow hits you!
* * * LOW HITPOINT WARNING * * *
Casting: Stone Arrow (dangerous; 6% risk of failure)
Confirm with . or Enter, or press ? or * to list all spells.
Aiming: Stone Arrow (dangerous; 6% risk of failure)
Press: ? - help, Shift-Dir - straight line, f/p - gargoyle
Aim: a gargoyle, wielding a +0 dire flail (severely damaged, 85% to hit)
The stone arrow hits the gargoyle but does no damage.
The gargoyle is severely damaged.
The gargoyle hits you with a +0 dire flail!
You die...

.... ## #...
##+.+##
##..###+.....+#
#...#8#.......# #
#.#...........+#
##.#.........8....#
#................+
#...#..#8#.......#
.#.#....###+..@..+#
.........# ##9.'##
.#####.#.###?###8#
#.#...#######
#..#<.......
##.#.####... #...#
< #####


You could see a gargoyle.

Vanquished Creatures
  Eustachio (D:6)
  An ice beast (D:6)
  A phantom (D:5)
  A kobold brigand (Sewer)
  Blork the orc (D:6)
  A gnoll sergeant (D:6)
  3 scorpions
  3 water moccasin zombies (D:5)
  A water moccasin skeleton (D:5)
  2 bullfrog zombies (D:5)
  A hound (D:6)
  A centaur zombie (D:5)
  A jelly (D:6)
  A centaur skeleton (D:5)
  5 iguanas
  A sleepcap (D:6)
  Ijyb (D:4)
  2 scorpion zombies (D:5)
  An orc wizard (D:5)
  Natasha (D:2)
  A hound zombie (D:5)
  12 gnolls
  11 adders
  A river rat (Sewer)
  A shadow imp (D:5)
  2 white imps
  An ufetubus (D:5)
  6 worms
  3 dart slugs
  7 orcs
  7 ball pythons
  4 bats
  8 endoplasms
  2 giant cockroaches
  5 goblins
  4 hobgoblins
  5 jackals
  5 quokkas
  2 frilled lizards
  7 kobolds
  12 rats
136 creatures vanquished.

Notes
Turn   | Place    | Note
-------+----------+-------------------------------------------
     0 | D:1      | wingedge the Human Wanderer began the quest for the Orb.
     0 | D:1      | wingedge set off with the following items: a +0 dagger, a
                  | potion of haste, a +0 robe, a wand of polymorph (7); and
                  | the following spells available to memorise: Shock, Slow,
                  | Sting, Scorch, Mephitic Cloud, Stone Arrow.
     0 | D:1      | Reached XP level 1. HP: 13/13 MP: 4/4
     2 | D:1      | Learned a level 1 spell: Shock
    92 | D:1      | Reached skill level 1 in Conjurations
   172 | D:1      | Reached XP level 2. HP: 19/19 MP: 3/6
   462 | D:1      | You fall into a shaft and drop 1 floor!
   504 | D:2      | Reached XP level 3. HP: 11/25 MP: 1/7
   608 | D:2      | Reached skill level 1 in Fighting
   789 | D:2      | Reached XP level 4. HP: 32/32 MP: 8/8
   800 | D:2      | Learned a level 3 spell: Mephitic Cloud
  1102 | D:2      | Noticed Natasha
  1105 | D:2      | Killed Natasha
  1106 | D:2      | Reached skill level 1 in Ranged Weapons
  1106 | D:2      | Reached XP level 5. HP: 38/38 MP: 9/9
  1460 | D:2      | Learned a level 3 spell: Stone Arrow
  1958 | D:3      | Found an iron altar of Okawaru.
  2012 | D:3      | Reached skill level 1 in Stealth
  2259 | D:4      | Reached XP level 6. HP: 44/44 MP: 10/10
  2282 | D:4      | Reached skill level 1 in Poison Magic
  2445 | D:4      | Noticed Ijyb
  2451 | D:4      | Killed Ijyb
  3330 | D:5      | Entered Level 5 of the Dungeon
  3343 | D:5      | Reached skill level 1 in Earth Magic
  3457 | D:5      | Reached XP level 7. HP: 46/51 MP: 10/12
  3663 | D:5      | Found a glowing drain.
  3670 | Sewer    | Entered a sewer
  4094 | D:5      | Reached XP level 8. HP: 58/58 MP: 13/13
  4488 | D:6      | Noticed Eustachio
  4492 | D:6      | Killed Eustachio
  4492 | D:6      | Noticed Blork the orc
  4502 | D:6      | Killed Blork the orc
  4507 | D:6      | Reached skill level 5 in Conjurations
  4642 | D:6      | Reached XP level 9. HP: 63/63 MP: 6/16
  4746 | D:6      | Reached skill level 5 in Spellcasting
  4750 | D:6      | Learned a level 3 spell: Ignite Poison
  4884 | D:6      | Found a staircase to the Ecumenical Temple.
  4905 | D:6      | Reached skill level 1 in Fire Magic
  4913 | D:6      | Reached skill level 1 in Transmutations
  4916 | Temple   | Entered the Ecumenical Temple
  4929 | Temple   | Became a worshipper of Vehumet
  5137 | D:7      | Noticed a gargoyle
  5144 | D:7      | Slain by a gargoyle

Illustrated notes

Levels and vault maps discovered:
D:1:      lemuel_arrival_funnel, layout_basic
D:2:      minmay_wonky_spiral, layout_basic, uniq_natasha
D:3:      wad_lake_hut, layout_rooms, okawaru_trees_1, st_stairs_9
D:4:      layout_layer_cave, minmay_misc_feat_diagonals, uniq_ijyb
D:5:      layout_cave_pools, gup_sewer_entry_bubbles, serial_undead,
          serial_undead_c, serial_undead_d, serial_undead_d, serial_undead_a,
          serial_undead_f, dk_noncrumbling_2
D:6:      layout_rooms, minmay_temple_entry_stoned_glass,
          wad_floor_pattern_untrapped, uniq_eustachio, uniq_blork_the_orc
D:7:      cheibrodos_statue_roulette, layout_rooms,
          minmay_overflow_temple_star_quad,
          nicolae_concentric_dashed_squares_mild
Temple:   hellmonk_temple_two_chambers

Skill      XL: |  1  2  3  4  5  6  7  8  9 |
---------------+----------------------------+-----
Conjurations   | 1 2 3 5 |  5.1
Fighting       | 1 2 3 |  3.0
Ranged Weapons | 1 2 3 4 |  4.3
Stealth        | 1 2 3 |  3.0
Poison Magic   | 1 2 3 |  3.2
Earth Magic    | 1 2 4 |  4.0
Spellcasting   | 4 5 |  5.1
Fire Magic     | 1 |  1.0
Transmutations | 1 |  1.0
Air Magic      | |  3.0
Evocations     | |  3.0

Action                     |  1- 3 |  4- 6 |  7- 9 || total
---------------------------+-------+-------+-------++-------
  Melee: Dagger            |    22 |       |       ||    22
         Punch             |     1 |       |       ||     1
   Fire: Shortbow          |    20 |   128 |   176 ||   324
  Throw: Throwing net      |     1 |       |       ||     1
   Cast: Shock             |    38 |    13 |    10 ||    61
         Mephitic Cloud    |       |     1 |     4 ||     5
         Stone Arrow       |       |       |    33 ||    33
    Use: Scroll            |       |       |     1 ||     1
 Armour: Robe              |     4 |    15 |    72 ||    91
  Dodge: Dodged            |    23 |    38 |    52 ||   113
